 Dungeon Crawl Stone Soup version 0.29.1-2-gbd0b4ee654 (webtiles) character file.

Game seed: 11283782857501633827

43 Arcadio the Shooter (level 3, 0/31 HPs)
             Began as a Minotaur Hunter on Nov 4, 2022.
             Shot with a sling bullet by a goblin (3 damage)
             ... led by Robin
             ... on level 2 of the Dungeon.
             The game lasted 00:05:12 (1015 turns).

Arcadio the Shooter (Minotaur Hunter)               Turns: 1015, Time: 00:05:12

Health: 0/31       AC:  3    Str: 15    XL:     3   Next: 37%
Magic:  2/2        EV: 13    Int:  6    God:
Gold:   52         SH:  0    Dex: 21    Spells: 2/2 levels left

rFire   . . .      SeeInvis .   b - +0 flail
rCold   . . .      Faith    .   (no shield)
rNeg    . . .      Spirit   .   c - +0 leather armour
rPois   .          Reflect  .   (helmet restricted)
rElec   .          Harm     .   (no cloak)
rCorr   .          Rampage  .   (no gloves)
Will    .....                   (no boots)
Stlth   ++........              (no amulet)
HPRegen 0.10/turn               f - +6 ring of dexterity
MPRegen 0.08/turn               (no ring)

@: no status effects
A: horns 2, retaliatory headbutt
a: no special abilities


You were on level 2 of the Dungeon.
You visited 1 branch of the dungeon, and saw 2 of its levels.

You collected 52 gold pieces.

Inventory:

Hand Weapons
 a - a +0 shortbow
 b - a +0 flail (weapon)
Missiles
 j - a throwing net
Armour
 c - a +0 leather armour (worn)
Jewellery
 f - a +6 ring of dexterity (left hand)
Scrolls
 d - a scroll of immolation
 e - 2 scrolls of teleportation
Potions
 h - a potion of berserk rage {unknown}
 i - a potion of invisibility {unknown}
 k - a potion of magic {unknown}
 l - a potion of cancellation {unknown}


   Skills:
 + Level 3.2 Fighting
 + Level 4.8 Ranged Weapons
 + Level 1.0 Armour
 - Level 2.6 Dodging
 - Level 1.2 Stealth


You had 2 spell levels left.
You didn't know any spells.
Your spell library was empty.

Dungeon Overview and Level Annotations

Branches:
Dungeon (2/15) Zot: 10968

Altars:

Shops:
D:1 !

Annotations:
D:2 Jessica, Robin


Innate Abilities, Weirdness & Mutations

You have a pair of horns on your head.
You reflexively headbutt those who attack you in melee.


Message History

You headbutt the adder, but do no damage.
You sock the goblin!
You kill the goblin!
The adder closely misses you. You furiously retaliate!
You headbutt the adder! Robin throws the goblin at you!
The adder closely misses you. The goblin hits you with a +0 club.
You closely miss the adder. Your headbutt misses the adder.
The adder is heavily wounded.
The adder barely misses you. You furiously retaliate!
You headbutt the adder, but do no damage.
The goblin barely misses you. You furiously retaliate!
You headbutt the goblin.
You kill the goblin!
The adder bites you.
You closely miss the adder. You headbutt the adder.
You kill the adder!
Your Armour skill increases to level 1!
You closely miss the goblin. Your headbutt misses the goblin.
The hobgoblin no longer looks unusually strong.
The goblin hits you with a +0 club.
* * * LOW HITPOINT WARNING * * *
The goblin hits you with a +0 club.
* * * LOW HITPOINT WARNING * * *
Robin roars a battlecry!
The hobgoblin goes into a battle-frenzy!
The goblin no longer looks unusually strong. x2
Robin throws the goblin at you! The goblin hits you with a +0 club.
* * * LOW HITPOINT WARNING * * *
Items here: )))) ††.
Blink to where?
Press: ? - help, Dir - move target
As you read the scroll of blinking, it crumbles to dust.
The goblin unwields a +0 club.
The goblin wields a +0 sling.
The goblin shoots a sling bullet.
The sling bullet hits you but does no damage.
The goblin shoots a sling bullet.
The sling bullet closely misses you.
The goblin shoots a sling bullet.
The sling bullet misses you.
The goblin shoots a sling bullet.
The sling bullet hits you but does no damage.
The goblin shoots a sling bullet.
The sling bullet hits you.
You die...

##'# .# ### #[.##..##..
#.#######..........
#....gg)g†.........
#g#######>......... #.#
#.#.#..##.. #.#
#.#.#......
##g#######.........
#........@..........
##..##########.####. ..
#..# .+ .# ##..### .###
#.....# #####+#....
##.##.# #........#
#.##.##.......#.......[##
#.##.##.......#.........#
#.##.##.......#.........#


You could see a goblin.

Vanquished Creatures
  An adder (D:2)
  A dart slug (D:1)
  An endoplasm (D:1)
  A giant cockroach (D:1)
  8 goblins
  3 hobgoblins
  3 quokkas (D:1)
  3 ball pythons
  5 bats (D:1)
  A kobold (D:1)
  A rat (D:1)
28 creatures vanquished.

Vanquished Creatures (others)
  A plant (D:2)
1 creature vanquished.

Grand Total: 29 creatures vanquished

Notes
Turn   | Place    | Note
-------+----------+-------------------------------------------
     0 | D:1      | Arcadio the Minotaur Hunter began the quest for the Orb.
     0 | D:1      | Reached XP level 1. HP: 18/18 MP: 0/0
    58 | D:1      | Reached skill level 1 in Stealth
   254 | D:1      | Reached XP level 2. HP: 25/25 MP: 1/1
   547 | D:1      | Found Ocepliec's Distillery.
   897 | D:2      | Noticed Jessica
   981 | D:2      | Noticed Robin
   997 | D:2      | Reached XP level 3. HP: 21/31 MP: 2/2
  1003 | D:2      | Reached skill level 1 in Armour
  1015 | D:2      | Shot with a sling bullet by a goblin

Illustrated notes

Levels and vault maps discovered:
D:1:      dpeg_arrival_rooms_c, layout_loops_ring, serial_shops, shop
D:2:      wad_woods_tower, layout_basic, serial_shops, shop,
          supply_closet_lemuel, uniq_jessica, uniq_robin,
          uniq_crazy_yiuf_cottage, uniq_natasha

Skill      XL: |  1  2  3 |
---------------+----------+-----
Stealth        | 1 |  1.2
Fighting       | 3 |  3.2
Armour         | 1 |  1.0
Ranged Weapons | |  4.8
Dodging        | |  2.6

Action                   || total
-------------------------++-------
Melee: Flail             ||    18
       Headbutt          ||     4
 Fire: Shortbow          ||    40
  Use: Scroll            ||     3
Armor: Leather armour    ||    11
Dodge: Dodged            ||    35
